 Dungeon Crawl Stone Soup version 0.20-a0-809-gaf7f668 (webtiles) character file.

150 Gorglomux the Sneak (level 5, -2/35 HPs)
             Began as a Vampire Enchanter on Mar 2, 2017.
             Killed from afar by Natasha (7 damage)
             ... with a magic dart
             ... on level 3 of the Dungeon.
             The game lasted 00:04:38 (2344 turns).

Gorglomux the Sneak (Vampire Enchanter)             Turns: 2344, Time: 00:04:40

Health: -2/35      AC:  2    Str:  7    XL:     5   Next: 10%
Magic:  3/8        EV: 13    Int: 18    God:
Gold:   157        SH:  6    Dex: 17    Spells: 2/8 levels left

rFire    + . .     SeeInvis +   a - +1 dagger
rCold    + . .     Gourm    .   g - +0 robe
rNeg     + + .     Faith    .   (no shield)
rPois    +         Spirit   .   (no helmet)
rElec    .         Reflect  +   (no cloak)
rCorr    .         Harm     .   (no gloves)
MR       .....                  (no boots)
Stlth    +++++.....             l - +6 amulet of reflection
Regen    0.1/turn               (no ring)
MPRegen  0.2/turn               f - ring of protection from fire

@: regenerating slowly
A: fangs 3, see invisible, agile 1, poison resistance, unbreathing
a: Bat Form


You were on level 3 of the Dungeon.
You were very thirsty.

You visited 1 branch of the dungeon, and saw 3 of its levels.

You collected 157 gold pieces.

Inventory:

Hand Weapons
 a - a +1 dagger (weapon)
 b - a +2 whip of draining
Missiles
 Z - 2 throwing nets (quivered)
Armour
 g - a +0 robe (worn)
Jewellery
 f - a ring of protection from fire (left hand)
 l - a +6 amulet of reflection (around neck)
Scrolls
 Y - a scroll of remove curse
Potions
 d - 21 potions of blood
 k - a potion of magic
Books
 c - a book of Maledictions

   Spells                             Type                      Level
   a - Corona                         Hexes                        1
   b - Ensorcelled Hibernation        Hexes/Ice                    2
   c - Confuse                        Hexes                        3
   d - Tukima's Dance                 Hexes                        3
   e - Dazzling Spray                 Conjuration/Hexes            3


   Skills:
 + Level 3.7 Short Blades
 - Level 2.1 Dodging
 + Level 7.3 Stealth
 - Level 2.0 Spellcasting
 - Level 4.4 Hexes


You had 2 spell levels left.
You knew the following spells:

 Your Spells              Type           Power        Failure   Level  Hunger
a - Corona                Hex            ###....      3%          1    #......
x - Confuse               Hex            ###.....     12%         3    ###....
z - Ensorcelled Hibernat  Hex/Ice        #.....       12%         2    ###....


Dungeon Overview and Level Annotations

Branches:
Dungeon (3/15)

Altars:
Fedhas
Qazlal

Annotations:
D:3 Grinder, Natasha, Sigmund


Innate Abilities, Weirdness & Mutations

You heal slowly.
You have razor-sharp teeth.
You have supernaturally acute eyesight. (SInv)
You can survive without breathing.
You are agile. (Dex +2)
Your system is resistant to poisons. (rPois)


Message History

Unknown command.
You hit Natasha but do no damage.
Natasha is lightly wounded.
You block the crimson imp's attack. Natasha claws you!
* * * LOW HITPOINT WARNING * * *
You block the white imp's attack.
Unknown command.
You feel better. You block the crimson imp's attack. Natasha misses you.
The white imp hits you.
* * * LOW HITPOINT WARNING * * *
The white imp freezes you. You resist.
* * * LOW HITPOINT WARNING * * *
It was a potion of mutation.
You feel extremely strange.
You feel agile.
You feel resistant to poisons.
The white imp disappears in a puff of smoke!
The crimson imp hits you.
* * * LOW HITPOINT WARNING * * *
Natasha casts a spell at you. The magic dart hits you!
You die...

#...(.#...
#.....#.#+#
#.........#
#..$...#
#......#
#......#
#......## #
#%....h.#.#
#....@5.#.#
#.....§...#
#.......### ##
#####...# ..
#.### #########
###.## #.#
##........
#....#.# #.###
#..(^≈..≈≈ #
#.#..#.#
#...###.^#^≈^..#
# #....#.###
#.......^^..≈..#


You could see Natasha and a crimson imp.

Vanquished Creatures
  Jessica (D:3)
  Natasha (D:3)
  4 adders (D:2)
  2 worms (D:2)
  A dart slug (D:1)
  3 leopard geckos
  4 orcs (D:3)
  4 giant cockroaches
  8 goblins
  3 hobgoblins
  2 jackals (D:2)
  6 bats
  2 frilled lizards
  6 kobolds
  4 rats
51 creatures vanquished.

Notes
Turn   | Place    | Note
-------+----------+-------------------------------------------
     0 | D:1      | Gorglomux the Vampire Enchanter began the quest for the Orb.
     0 | D:1      | Reached XP level 1. HP: 13/13 MP: 3/3
   706 | D:1      | Reached XP level 2. HP: 16/19 MP: 5/5
   716 | D:1      | Reached skill level 5 in Stealth
   729 | D:1      | Learned a level 2 spell: Ensorcelled Hibernation
  1129 | D:2      | Reached XP level 3. HP: 24/24 MP: 6/6
  1553 | D:2      | Reached skill level 6 in Stealth
  1763 | D:2      | Reached skill level 3 in Short Blades
  1763 | D:2      | Reached XP level 4. HP: 30/30 MP: 2/7
  2129 | D:3      | Noticed Grinder
  2136 | D:3      | Noticed Jessica
  2145 | D:3      | Learned a level 3 spell: Confuse
  2166 | D:3      | Killed Jessica
  2184 | D:3      | Found a blossoming altar of Fedhas.
  2253 | D:3      | Reached skill level 7 in Stealth
  2294 | D:3      | Found a stormy altar of Qazlal.
  2309 | D:3      | Noticed Natasha
  2316 | D:3      | Killed Natasha
  2316 | D:3      | Reached XP level 5. HP: 29/35 MP: 8/8
  2318 | D:3      | Noticed Sigmund
  2322 | D:3      | Noticed Natasha
  2344 | D:3      | Gained mutation: You are agile. (Dex +2) [potion of mutation]
  2344 | D:3      | Gained mutation: Your system is resistant to poisons. (rPois) [potion of mutation]
  2344 | D:3      | Killed from afar by Natasha

Vault maps used:
D:1:      grunt_arrival_lava_bath, minmay_misc_feat_hallway
D:2:      kennysheep_generic_room_7
D:3:      fedhas_altar_3, grunt_qazlal_sundering, uniq_grinder, uniq_sigmund,
          uniq_jessica, uniq_natasha

Skill      XL: |  1  2  3  4 |
---------------+-------------+-----
Stealth        | 5 6 7 |  7.3
Short Blades   | 2 3 |  3.7
Dodging        | |  2.1
Spellcasting   | |  2.0
Hexes          | |  4.4

Action                   |  1- 3 |  4- 6 || total
-------------------------+-------+-------++-------
Melee: Dagger            |    54 |    48 ||   102
       Whip              |    40 |       ||    40
       Bite              |     4 |       ||     4
 Cast: Corona            |     4 |       ||     4
       Ensorcelled Hiber |     5 |     3 ||     8
       Confuse           |       |     3 ||     3
  Use: Scroll            |     3 |       ||     3
       Potion            |       |     4 ||     4
 Stab: Sleeping          |    12 |     9 ||    21
       Distracted        |     1 |       ||     1
Armor: Robe              |    15 |     7 ||    22
Dodge: Dodged            |    53 |    30 ||    83
Block: Other             |       |    10 ||    10
